Map: King Sejong Station LE

Players

LiquidTLO (TLO) - Winner!

  • Race: Zerg Zerg
  • League: Grandmaster

Indy

  • Race: Protoss Protoss
  • League: Grandmaster

VOD

Have the link to the VOD?

Description

Time

  • Played on: July 4, 2016, 3:36 p.m.
  • Length: 9:36
Show
View Real Time Build Order
Export as new Build Order

LiquidTLO Zerg - Winner!

Build Orders: Hatch First 

Get SALT Encoding   

  12  0:01  Drone  
  13  0:12  Overlord  
  13  0:17  Drone  
  14  0:30  Drone  
  14  0:31  Drone  
  16  0:48  Hatchery  
  15  0:51  Drone  
  15  0:54  Drone  
  17  0:57  Extractor  
  17  1:01  Drone  
  17  1:06  Drone  
  18  1:18  Spawning Pool  
  18  1:22  Drone  
  18  1:29  Drone  
  19  1:41  Overlord  
  19  1:56  Drone  
  19  2:01  Drone x2  
  22  2:04  Metabolic Boost  
  22  2:05  Queen  
  24  2:08  Queen  
  24  2:15  Zergling x4  
  28  2:23  Zergling x4  
  28  2:28  Evolution Chamber  
  29  2:34  Zergling x4  
  31  2:44  Zergling x4  
  33  2:56  Zerg Melee Weapons Level 1  
  33  2:58  Drone  
  34  2:59  Drone  
  35  3:08  Drone  
  36  3:23  Overlord  
  36  3:32  Overlord  
  36  3:40  Overlord  
  36  3:43  Drone  
  36  3:45  Extractor, Drone x2  
  36  3:47  Drone x2  
  38  3:49  Drone x2  
  38  3:50  Drone  
  38  3:51  Drone  
  42  3:56  Drone  
  42  3:59  Drone  
  42  4:00  Pneumatized Carapace  
  44  4:09  Drone  
  41  4:10  Drone  
  41  4:12  Zergling x2  
  41  4:13  Zergling x2  
  41  4:14  Baneling Nest, Zergling x2  
  42  4:19  Hatchery  
  42  4:21  Zergling x2  
  42  4:24  Zergling x2  
  42  4:30  Zergling x2  
  44  4:31  Zergling x2  
  44  4:32  Zergling x4  
  44  4:36  Spore Crawler, Drone  
  44  4:38  Drone  
  48  4:39  Drone  
  48  4:44  Drone  
  50  4:47  Drone  
  51  4:54  Drone  
  51  4:56  Queen  
  51  4:58  Baneling x4  
  51  4:59  Baneling x2  
  54  5:03  Zergling x2  
  54  5:05  Drone  
  55  5:08  Zergling x2  
  55  5:11  Zergling x2  
  55  5:13  Zergling x4  
  59  5:15  Zergling x2  
  59  5:19  Overlord x2  
  59  5:21  Lair  
  60  5:24  Extractor  
  60  5:25  Drone  
  60  5:30  Overlord  
  60  5:31  Drone  
  60  5:32  Drone  
  63  5:35  Drone  
  63  5:36  Drone x2  
  63  5:41  Drone  
  66  5:43  Drone  
  66  5:46  Drone  
  67  5:53  Drone x2  
  67  5:55  Drone x2  
  68  5:57  Drone x2  
  68  6:03  Drone  
  64  6:07  Zergling x4  
  65  6:12  Queen  
  65  6:15  Zergling x2  
  65  6:17  Extractor  
  65  6:18  Zergling x2  
  68  6:20  Spine Crawler  
  68  6:21  Spine Crawler  
  68  6:22  Zerg Missile Weapons Level 1  
  68  6:23  Zergling x2, Hydralisk Den  
  68  6:24  Zergling x4, Baneling x2  
  68  6:25  Baneling, Evolution Chamber  
  68  6:26  Baneling x2  
  68  6:27  Zergling x2  
  68  6:28  Zergling x2  
  68  6:29  Drone  
  68  6:31  Drone  
  71  6:36  Drone  
  71  6:37  Drone  
  71  6:38  Drone  
  74  6:40  Drone x2  
  76  6:53  Drone  
  76  6:55  Zergling x2  
  76  7:00  Zergling x2  
  76  7:02  Drone  
  76  7:04  Zerg Melee Weapons Level 2, Muscular Augments  
  76  7:05  Hydralisk x2  
  81  7:08  Overlord  
  81  7:09  Extractor  
  81  7:10  Extractor, Zergling x2  
  81  7:12  Zergling x2  
  81  7:13  Zergling x2  
  82  7:21  Hydralisk x2  
  81  7:25  Hydralisk  
  81  7:28  Drone  
  81  7:29  Drone x5  
  86  7:34  Drone  
  86  7:35  Overseer  
  86  7:36  Hydralisk  
  89  7:40  Overlord  
  89  7:43  Overlord, Hydralisk, Hatchery  
  90  7:50  Overlord  
  90  7:53  Overlord  
  90  7:58  Overlord  
  90  8:00  Zergling x2, Hydralisk x2  
  90  8:02  Hydralisk, Zergling x2  
  90  8:04  Hydralisk  
  99  8:05  Zergling x2  
  99  8:09  Baneling x2  
  99  8:10  Baneling  
  99  8:11  Zergling x4  
  102  8:13  Zergling x2  
  102  8:14  Zergling x4  
  102  8:15  Zergling x2  
  106  8:21  Zergling x2  
  106  8:25  Zergling x2  
  106  8:26  Zergling x2  
  109  8:31  Hydralisk  
  111  8:35  Baneling x6  
  111  8:40  Hydralisk  
  112  8:41  Hydralisk  
  111  8:49  Hydralisk  
  111  8:51  Hydralisk x3  
  111  8:52  Zergling x4  
  111  8:54  Hydralisk x2  
  125  8:56  Hydralisk  
  125  8:57  Hydralisk  
  129  9:04  Zergling x2  
  129  9:07  Hydralisk x3, Baneling x5  
  136  9:10  Overlord  
  136  9:15  Baneling  
  136  9:16  Baneling x6  
Show
View Real Time Build Order
Export as new Build Order

Indy Protoss 

Build Orders: 1 Gate Expand 

Get SALT Encoding   

  12  0:00  Probe (Chrono Boost)  
  13  0:11  Probe (Chrono Boost)  
  14  0:21  Pylon, Probe (Chrono Boost)  
  15  0:40  Probe (Chrono Boost)  
  16  0:44  Gateway  
  16  0:45  Assimilator  
  16  0:50  Probe (Chrono Boost)  
  17  1:01  Probe (Chrono Boost)  
  19  1:11  Probe (Chrono Boost)  
  19  1:23  Nexus  
  19  1:25  Probe (Chrono Boost)  
  20  1:35  Cybernetics Core  
  20  1:38  Probe (Chrono Boost)  
  21  1:44  Assimilator  
  21  1:48  Probe (Chrono Boost)  
  22  1:54  Pylon  
  22  1:59  Probe (Chrono Boost)  
  23  2:12  Stalker (Chrono Boost), Warp Gate, Probe  
  26  2:25  Probe  
  27  2:34  Probe  
  30  2:37  Mothership Core  
  30  2:44  Probe  
  30  2:45  Adept (Chrono Boost)  
  30  2:50  Pylon  
  30  2:51  Gateway  
  33  2:55  Probe  
  33  2:58  Probe  
  35  3:02  Pylon  
  35  3:05  Probe  
  35  3:09  Sentry (Chrono Boost)  
  35  3:11  Probe  
  38  3:16  Probe  
  39  3:23  Probe  
  39  3:26  Pylon, Probe  
  41  3:35  Probe  
  41  3:37  Probe  
  43  3:47  Probe x2  
  41  3:51  Adept (Chrono Boost)  
  40  3:58  Probe  
  40  3:59  Probe  
  41  4:09  Probe (Chrono Boost)  
  41  4:12  Probe (Chrono Boost)  
  45  4:21  Probe (Chrono Boost)  
  45  4:22  Sentry  
  45  4:23  Probe (Chrono Boost)  
  47  4:31  Probe (Chrono Boost)  
  47  4:32  Pylon  
  47  4:33  Probe (Chrono Boost)  
  47  4:35  Nexus  
  49  4:42  Pylon, Probe (Chrono Boost)  
  49  4:43  Sentry  
  49  4:44  Probe (Chrono Boost)  
  49  4:45  Sentry  
  56  4:52  Probe (Chrono Boost)  
  56  4:54  Probe (Chrono Boost)  
  56  4:59  Twilight Council  
  57  5:01  Assimilator x2  
  57  5:02  Forge  
  57  5:03  Probe (Chrono Boost)  
  58  5:08  Probe (Chrono Boost)  
  58  5:10  Sentry  
  58  5:14  Probe (Chrono Boost)  
  62  5:17  Sentry  
  62  5:18  Probe (Chrono Boost)  
  65  5:26  Pylon  
  65  5:27  Probe (Chrono Boost)  
  66  5:29  Probe (Chrono Boost)  
  67  5:38  Probe (Chrono Boost)  
  67  5:39  Probe (Chrono Boost)  
  69  5:47  Stalker  
  69  5:48  Stalker  
  69  5:49  Probe (Chrono Boost)  
  72  6:00  Probe x2 (Chrono Boost)  
  72  6:01  Probe (Chrono Boost)  
  72  6:03  Phoenix  
  54  6:09  Resonating Glaives  
  54  6:11  Probe x3 (Chrono Boost)  
  57  6:18  Templar Archives  
  57  6:21  Probe (Chrono Boost)  
  57  6:22  Probe x2 (Chrono Boost)  
  57  6:24  Pylon  
  60  6:32  Probe x2 (Chrono Boost)  
  62  6:34  Probe (Chrono Boost)  
  62  6:37  Protoss Ground Weapons Level 1 (Chrono Boost)  
  63  6:43  Probe x2  
  59  7:10  Gateway  
  59  7:11  Gateway  
  59  7:12  Robotics Facility  
  59  7:14  Gateway  
  59  7:17  Gateway  
  59  7:20  Adept x2, Gateway  
  61  7:25  Probe  
  61  7:26  Probe x2  
  57  7:33  Robotics Facility  
  57  7:35  Probe  
  57  7:38  Probe x2  
  57  7:39  Pylon  
  60  7:46  Sentry x2, Probe  
  60  7:50  Probe x2  
  67  8:00  Warp Prism (Chrono Boost)  
  69  8:10  Gateway x2  
  69  8:12  Pylon  
  69  8:13  Gateway  
  69  8:14  Gateway  
  69  8:16  High Templar x3  
  69  8:17  High Templar, Adept  
  79  8:20  Archon  
  79  8:21  Archon  
  79  8:23  Pylon  
  79  8:42  Stalker x2  
  79  8:44  Stalker  
  79  8:46  Probe  
  79  8:47  Probe x2  
  82  8:56  High Templar x2, Adept  
  82  9:00  Archon  
  88  9:08  Adept x4  
  96  9:13  Adept x3  
  96  9:14  Adept  
  104  9:30  Adept x3  
  104  9:31  Adept x4  
Tags
 
Add a new tag
Caveats
  • Supply blocks, unpowered buildings, or Contaminate may cause inaccurate times.
  • Supply counts are checked every 10 seconds.